 Dungeon Crawl Stone Soup version 0.27.1-33-g824d729ab1 (webtiles) character file.

Game seed: 5023864745672670725

2245 belegose the Covert (level 9, 0/70 HPs)
             Began as a White Draconian Transmuter on Dec 8, 2021.
             Slain by an ufetubus (1 damage)
             ... on level 7 of the Dungeon.
             The game lasted 00:23:17 (9313 turns).

belegose the Covert (White Draconian Transmuter)    Turns: 9313, Time: 00:23:18

Health: 0/70       AC: 10    Str: 11 (12) XL:     9   Next: 15%
Magic:  12/12      EV: 12    Int: 14 (17) God:
Gold:   152        SH:  4    Dex: 11 (12) Spells: 10/13 levels left

rFire    + . .     SeeInvis .   b - +2 short sword (venom)
rCold    + . .     Faith    +   a - +0 buckler
rNeg     . . .     Spirit   .   (armour unavailable)
rPois    +         Reflect  .   (helmet restricted)
rElec    +         Harm     .   r - +2 cloak {Will+}
rCorr    +         Rampage  .   (no gloves)
Will     +++..                  (no boots)
Stlth    +++++.....             p - amulet "Gimnoffi" {Faith rElec rC- Will++ Stlth+}
HPRegen  0.21/turn              (no ring)
MPRegen  0.13/turn              (no ring)

@: lethally poisoned (0 -> -7), short of breath, resistant
A: breathe frost, AC +7, unfitting armour, cold resistance 1, cold-blooded
a: Breathe Frost


You were on level 7 of the Dungeon.
You visited 1 branch of the dungeon, and saw 7 of its levels.

You collected 302 gold pieces.
You spent 150 gold pieces at shops.

Inventory:

Hand Weapons
 b - a +2 short sword of venom (weapon)
 l - a +2 dagger of venom
 s - a +0 whip of electrocution
Missiles
 d - 199 stones
 i - 13 boomerangs (quivered)
 m - a throwing net
Armour
 a - a +0 buckler (worn)
 r - a +2 cloak of willpower (worn)
Jewellery
 p - the amulet "Gimnoffi" (around neck) {Faith rElec rC- Will++ Stlth+}
   (You bought it in a shop on level 5 of the Dungeon)

   [amulet of faith]

   It allows you to gain divine favour quickly.
   rC:        It makes you vulnerable to cold.
   rElec:     It insulates you from electricity.
   Will:      It greatly increases your willpower.
   Stlth:     It makes you more stealthy.
Wands
 t - a wand of iceblast (5)
Scrolls
 c - 3 scrolls of holy word {unknown}
 e - 7 scrolls of identify {unknown}
 f - a scroll of enchant armour {unknown}
 o - 3 scrolls of magic mapping {unknown}
 q - 3 scrolls of fog {unknown}
 u - a scroll of vulnerability {unknown}
Potions
 g - a potion of degeneration
 h - a potion of heal wounds
 j - a potion of berserk rage {unknown}
 k - a potion of attraction {unknown}
 n - a potion of ambrosia {unknown}
 v - a potion of invisibility {unknown}


   Skills:
 - Level 3.5 Fighting
 + Level 3.1 Short Blades
 + Level 2.8 Dodging
 - Level 8.2 Stealth
 - Level 4.0 Shields
 - Level 3.6 Unarmed Combat
 - Level 2.6 Spellcasting
 - Level 2.8 Transmutations
 + Level 2.9 Air Magic
 + Level 2.9 Poison Magic


You had 10 spell levels left.
You knew the following spells:

 Your Spells              Type           Power      Damage    Failure   Level
a - Beastly Appendage     Tmut           18%        N/A       7%          1
b - Poisonous Vapours     Pois/Air       20%        N/A       10%         2

Your spell library contained the following spells:

 Spells                   Type           Power      Damage    Failure   Level
 Sting                    Tmut/Pois      36%        1d4       7%          1
 Wereblood                Tmut           9%         N/A       11%         2
 Spider Form              Tmut/Pois      4%         N/A       21%         3
 Apportation              Tloc           2%         N/A       22%         1
 Olgreb's Toxic Radiance  Pois           10%        N/A       56%         4
 Ice Form                 Ice/Tmut       5%         N/A       77%         4
 Alistair's Intoxication  Tmut/Pois      6%         N/A       88%         5
 Animate Dead             Necr           0%         N/A       92%         4
 Fulminant Prism          Conj/Hex       0%         3d6       92%         4
 Iskenderun's Mystic Bla  Conj/Tloc      1%         2d3       92%         4
 Lee's Rapid Deconstruct  Erth           0%         3d5*      99%         5
 Invisibility             Hex            0%         N/A       100%        6
 Haunt                    Necr/Summ      0%         N/A       100%        7
 Infestation              Necr           0%         N/A       100%        8


Dungeon Overview and Level Annotations

Branches:
Dungeon (7/15)
 Temple: D:4-7

Altars:
Yredelemnul

Shops:
D:5 *(*[=   D:6 [

Annotations:
D:4 Grinder
D:5 3 runed translucent doors, exclusion: 2 doors


Innate Abilities, Weirdness & Mutations

You can breathe waves of freezing cold which knock back foes.
Your icy white scales are hard. (AC +7)
You cannot fit into any form of body armour.
Your flesh is cold resistant. (rC+)
You are cold-blooded and may be slowed by cold attacks.


Message History

The killer bee is heavily wounded.
You feel sick.
You kill the killer bee!
The ufetubus closely misses you. The ufetubus barely misses you.
The killer bee stings you.
You are more poisoned.
The killer bee poisons you!
You hit the killer bee.
The killer bee is poisoned.
The killer bee is moderately wounded.
You feel very sick.
The killer bee stings you but does no damage.
The ufetubus hits you but does no damage.
The ufetubus closely misses you. The killer bee stings you.
* * * LOW HITPOINT WARNING * * *
You block the ufetubus's attack. The ufetubus closely misses you.
You miss the killer bee.
Your tail-slap misses the killer bee.
The killer bee is heavily wounded.
* * * LOW HITPOINT WARNING * * *
You feel very sick. The killer bee stings you.
* * * LOW HITPOINT WARNING * * *
The ufetubus closely misses you. The ufetubus hits you.
* * * LOW HITPOINT WARNING * * *
The killer bee closely misses you.
It was a potion of degeneration.
There was something very wrong with that liquid.
You feel weakened.
You feel dopey.
You feel clumsy.
* * * LOW HITPOINT WARNING * * *
You feel very sick. You block the killer bee's attack. The ufetubus hits you.
* * * LOW HITPOINT WARNING * * *
The ufetubus misses you. The killer bee stings you.
* * * LOW HITPOINT WARNING * * *
You block the ufetubus's attack.
The ufetubus hits you but does no damage.
It was a potion of resistance.
You feel protected.
* * * LOW HITPOINT WARNING * * *
You feel sick. The killer bee closely misses you. The ufetubus hits you.
You die...

#...................
###).....................
##..#.........(........# ..#
#......................###..#
y.
#......................##...
... ##.##..................
#..##...
###...........#.....#
........
#.....#....5###...####.......
##..##......@yyy.##.#........
#...##..#.####l.............[
##......#...........##.).....
#.....##..........###.......
#.....#.....##..#####.......
###.......)..##..##.........
#.#.......##...#...##.....
#####......#.......#......
##..#.##..........##<.


You could see an iguana, 3 killer bees and an ufetubus.

Vanquished Creatures
  Menkaure (D:5)
  An orc warrior (D:5)
  4 ogres
  A necrophage (D:3)
  A centaur (D:5)
  3 phantoms
  3 scorpions
  2 water moccasin zombies (D:5)
  3 water moccasin skeletons
  2 killer bees (D:7)
  2 howler monkeys (D:6)
  3 bullfrog zombies (D:5)
  A centaur zombie (D:5)
  2 jellies (D:5)
  A hound (D:5)
  A human zombie (D:5)
  2 orc priests (D:6)
  A bullfrog skeleton (D:5)
  An iguana (D:6)
  3 orc wizards (D:6)
  A scorpion zombie (D:5)
  A killer bee zombie (D:5)
  A hound skeleton (D:4)
  8 gnolls
  4 adders
  A shadow imp (D:3)
  2 adder skeletons (D:5)
  3 worms
  3 dart slugs
  8 orcs
  7 bats
  4 endoplasms
  2 giant cockroaches
  9 goblins
  3 hobgoblins
  2 jackals (D:4)
  3 quokkas
  5 ball pythons
  5 frilled lizards
  A goblin zombie (D:5)
  7 kobolds
  3 rats
121 creatures vanquished.

Vanquished Creatures (others)
  3 plants (D:5)
  11 withered plants (D:5)
14 creatures vanquished.

Grand Total: 135 creatures vanquished

Notes
Turn   | Place    | Note
-------+----------+-------------------------------------------
     0 | D:1      | belegose the Draconian Transmuter began the quest for the
                  | Orb.
     0 | D:1      | Reached XP level 1. HP: 16/16 MP: 3/3
   323 | D:1      | Reached XP level 2. HP: 23/23 MP: 3/5
   788 | D:1      | Found a faded altar of an unknown god.
  1435 | D:2      | Reached XP level 3. HP: 29/29 MP: 4/6
  2474 | D:3      | Reached XP level 4. HP: 17/36 MP: 5/7
  4299 | D:3      | Learned a level 2 spell: Poisonous Vapours
  4372 | D:4      | Reached skill level 1 in Short Blades
  4396 | D:4      | Noticed a necrophage
  4400 | D:4      | Noticed Grinder
  4423 | D:4      | Reached skill level 1 in Stealth
  4423 | D:4      | Reached XP level 5. HP: 42/42 MP: 8/8
  4435 | D:3      | Killed a necrophage
  4436 | D:3      | Reached skill level 1 in Shields
  4594 | D:4      | Noticed an ogre
  4595 | D:4      | Noticed an ogre
  4616 | D:3      | Killed an ogre
  4617 | D:3      | Reached skill level 1 in Air Magic
  4617 | D:3      | Reached skill level 1 in Poison Magic
  4617 | D:3      | Reached XP level 6. HP: 36/51 MP: 9/9
  4912 | D:4      | Reached skill level 2 in Stealth
  5206 | D:5      | Entered Level 5 of the Dungeon
  5206 | D:5      | Found Olenigiz's Antique Weapon Emporium.
  5338 | D:5      | Noticed Menkaure
  5338 | D:5      | Found Gybe's Assorted Antiques.
  5341 | D:5      | Bought a wavering ruby amulet for 150 gold pieces
  5341 | D:5      | Identified the amulet "Gimnoffi" {Faith rElec rC- Will++
                  | Stlth+} (You bought it in a shop on level 5 of the Dungeon)
  5652 | D:5      | Your scales start taking on an icy white colour.
  5652 | D:5      | Reached XP level 7. HP: 52/57 MP: 10/10
  5652 | D:5      | Gained mutation: Your flesh is cold resistant. (rC+) [White
                  | Draconian growth]
  5677 | D:4      | Reached skill level 3 in Stealth
  6198 | D:5      | Reached skill level 4 in Stealth
  6209 | D:5      | Found a large runed translucent door.
  6209 | D:5      | Found a large runed translucent door.
  6285 | D:5      | Found a runed translucent door.
  6285 | D:5      | Noticed a human
  6286 | D:5      | Found Hyciff's Antique Armour Emporium.
  6288 | D:5      | Found a basalt altar of Yredelemnul.
  6333 | D:5      | Reached skill level 5 in Stealth
  6360 | D:5      | Reached XP level 8. HP: 45/63 MP: 11/11
  6454 | D:5      | Found Muetikh's Assorted Antiques.
  6569 | D:5      | Reached skill level 6 in Stealth
  6641 | D:5      | Found Omnehu's Jewellery Boutique.
  7111 | D:5      | Killed Menkaure
  7112 | D:5      | Reached skill level 7 in Stealth
  7965 | D:5      | Reached skill level 8 in Stealth
  8186 | D:6      | Found Leithran's Antique Armour Boutique.
  8692 | D:6      | Reached XP level 9. HP: 64/70 MP: 12/12
  9312 | D:7      | HP: 3/70 [killer bee (1)]
  9313 | D:7      | HP: 1/70 [poisoned by a killer bee]
  9313 | D:7      | Slain by an ufetubus

Illustrated notes

Levels and vault maps discovered:
D:1:      matt_arrival_los_fun, layout_loops_ring,
          shapermc_ecumenical_altar_petra, minivault_14, serial_park_tiny_2
D:2:      layout_loops_cross
D:3:      layout_basic
D:4:      layout_basic, minmay_cupped, uniq_grinder
D:5:      layout_cave_pools, jmf_multi_god_temple2, dk_yredelemnul_ordeal,
          serial_undead, serial_undead_a, serial_undead_c, serial_undead_f,
          serial_undead_b, serial_undead_b, serial_undead_d, serial_undead_c,
          serial_undead_d, serial_undead_b, serial_undead_b, serial_shops,
          nicolae_stop_n_shop_2, shop, nicolae_shop_overgrown_old_shop, shop,
          shop, uniq_menkaure
D:6:      layout_cave_pods, serial_shops,
          nicolae_shop_competitors_out_of_business, lightli_minifort
D:7:      layout_cave_pools, minmay_temple_entry_nine_rooms, enter_bailey_3

Skill      XL: |  1  2  3  4  5  6  7  8  9 |
---------------+----------------------------+-----
Fighting       | 2 3 |  3.5
Short Blades   | 1 2 3 |  3.1
Stealth        | 1 2 5 8 |  8.2
Shields        | 1 2 4 |  4.0
Air Magic      | 1 2 |  2.9
Poison Magic   | 1 2 |  2.9
Dodging        | 2 |  2.8
Unarmed Combat | |  3.6
Spellcasting   | |  2.6
Transmutations | |  2.8

Action                   |  1- 3 |  4- 6 |  7- 9 || total
-------------------------+-------+-------+-------++-------
Melee: Unarmed           |   109 |     9 |       ||   118
       Kick              |    16 |     3 |       ||    19
       Tailslap          |    15 |    12 |    44 ||    71
       Headbutt          |     8 |       |       ||     8
       Short sword       |       |   103 |   313 ||   416
       Punch             |       |     1 |       ||     1
Throw: Boomerang         |       |     1 |    20 ||    21
 Cast: Beastly Appendage |    29 |     5 |       ||    34
       Poisonous Vapours |       |     1 |     4 ||     5
 Abil: Breathe Frost     |       |       |    10 ||    10
  Use: Potion            |       |       |     3 ||     3
 Stab: Sleeping          |       |     3 |     5 ||     8
       Distracted        |       |       |     1 ||     1
Armor: Skin              |    23 |    44 |    99 ||   166
Dodge: Dodged            |    67 |    72 |   138 ||   277
Block: Buckler           |       |     5 |    63 ||    68
